 Dungeon Crawl Stone Soup version 0.29.1-1-gd02db6906a (webtiles) character file.

Game seed: 8329923551232871845

223 Ashen the Chiller (level 5, 35/35 HPs)
             Began as a Demonspawn Ice Elementalist on Oct 18, 2022.
             Got out of the dungeon alive.
             The game lasted 00:05:29 (3515 turns).

Ashen the Chiller (Demonspawn Ice Elementalist)     Turns: 3515, Time: 00:05:30

Health: 35/35      AC:  3    Str:  9    XL:     5   Next: 66%
Magic:  9/9        EV: 13    Int: 18    God:
Gold:   97         SH:  4    Dex: 13    Spells: 3/10 levels left

rFire   . . .      SeeInvis .   i - +1 dagger (venom)
rCold   . . .      Faith    .   (no shield)
rNeg    . . .      Spirit   .   a - +0 robe
rPois   +          Reflect  .   (no helmet)
rElec   .          Harm     .   (no cloak)
rCorr   .          Rampage  .   k - +0 pair of gloves
Will    .....                   (no boots)
Stlth   ++........              (no amulet)
HPRegen 0.11/turn               p - ring of poison resistance
MPRegen 0.11/turn               (no ring)

@: no status effects
A: sanguine armour 1, condensation shield, demonic touch 1
a: no special abilities


You escaped.
You visited 2 branches of the dungeon, and saw 5 of its levels.

You collected 231 gold pieces.
You spent 134 gold pieces at shops.

Inventory:

Hand Weapons
 i - a +1 dagger of venom (weapon)
Armour
 a - a +0 robe (worn)
 j - an orb of energy
 k - a +0 pair of gloves (worn)
Jewellery
 p - a ring of poison resistance (left hand)
 y - an amulet of guardian spirit
Scrolls
 c - 2 scrolls of enchant weapon {unknown}
 g - 2 scrolls of enchant armour
 l - a scroll of poison {unknown}
 n - a scroll of blinking {unknown}
 q - 3 scrolls of teleportation {unknown}
 r - 2 scrolls of fear {unknown}
 t - a scroll of identify
 w - a scroll of silence {unknown}
 x - a scroll of fog {unknown}
 z - a scroll of vulnerability {unknown}
Potions
 b - a potion of magic
 d - a potion of ambrosia
 e - a potion of brilliance
 f - a potion of flight
 h - a potion of might
 m - a potion of lignification {unknown}
 o - 2 potions of cancellation {unknown}
 s - a potion of invisibility {unknown}
 u - a potion of curing {unknown}
 v - a potion of haste {unknown}


   Skills:
 + Level 0.0 Fighting
 + Level 3.1 Dodging
 + Level 3.3 Stealth
 + Level 3.2 Spellcasting
 + Level 4.4 Ice Magic


You had 3 spell levels left.
You knew the following spells:

 Your Spells              Type           Power      Damage    Failure   Level
a - Freeze                Ice            72%        1d9       2%          1
b - Frozen Ramparts       Ice            36%        1d6       8%          3
c - Ozocubu's Armour      Ice            18%        N/A       8%          3

Your spell library contained the following spells:

 Spells                   Type           Power      Damage    Failure   Level
 Hailstorm                Conj/Ice       10%        3d5       54%         4


Dungeon Overview and Level Annotations

Branches:
Dungeon (4/15)             Temple (1/1) D:4

Altars:
Ashenzari
Cheibriados
Dithmenos
Fedhas
Hepliaklqana
Kikubaaqudgha
Makhleb
Nemelex Xobeh
Qazlal
Ru
Sif Muna
Trog
Uskayaw
Vehumet
Xom
Yredelemnul

Shops:
D:1 *[*


Innate Abilities, Weirdness & Mutations

When seriously injured, your blood forms armour. (AC +0)
A meltable shield of frost defends you. (SH +4)
Your touch may inflict minor irresistible damage on your foes.


Message History

There is an open door here.
You open the door.
There is an open door here.
There is a burning altar of Makhleb here.
You open the door.
There is an open door here.
As you open the door, it creaks loudly!
You open the door.
There is an open door here.
Done exploring.
Done exploring.
Done exploring.
(D) Dungeon (T) Temple
Where to? (Enter - D:3 @ (x,y), ? - help)
What level of the Dungeon? (default 4, ? - help)
There is an ancient bone altar of Kikubaaqudgha here.
You open the door.
There is an open door here.
There is a bloodstained altar of Trog here.
You open the door.
There is an open door here.
There is a blossoming altar of Fedhas here.
There is an open door here.
There is a staircase back to the Dungeon here.
You climb upwards.
Welcome back to the Dungeon!
There is a staircase to the Ecumenical Temple here.
There is a fountain of clear blue water here.
There is a stone staircase leading up here.
You climb upwards.
There is a stone staircase leading down here.
There is a stone staircase leading up, spattered with blood here.
You climb upwards.
There is a stone staircase leading down here.
There is a stone staircase leading up here.
You climb upwards.
There is a stone staircase leading down here.
There is an open door here.
There is a staircase leading out of the dungeon here.
Are you sure you want to leave the Dungeon?
This will make you lose the game!
You have escaped!

...........+##########.####
#.#
#.#.#.#.#.#.##.........#
#.#
###.####.#..##.#########
#.# #.####.......# #.#
###.......###### #.#
.###.###### #.# .#
#.############## #.# .#
#..........'...# #.# [#
#.##########.@.# ###.# .#
#.##########...# #...# .#
#.#.......###'## #.### ##
#.#.......###'#### #.# ##
#.#.8.⌠.8.#......#######.#
.#
#.#.......'..>....##.....#
.#
#.#.......#.......##.#####
.###.##+###'########..#.#
.....##.....########....#


There were no monsters in sight!

Vanquished Creatures
  Natasha (twice) (D:2)
  2 orc wizards (D:3)
  Terence (D:2)
  A worm (D:2)
  2 dart slugs
  11 orcs
  9 ball pythons
  6 bats
  4 endoplasms
  3 giant cockroaches
  7 hobgoblins
  12 jackals
  6 kobolds
  2 frilled lizards
  6 goblins
  6 rats
80 creatures vanquished.

Notes
Turn   | Place    | Note
-------+----------+-------------------------------------------
     0 | D:1      | Ashen the Demonspawn Ice Elementalist began the quest for
                  | the Orb.
     0 | D:1      | Reached XP level 1. HP: 13/13 MP: 3/3
   101 | D:1      | Found Kaituc Alefo's Antique Weapon Shoppe.
   175 | D:1      | Found Yracuomu's Antique Armour Shoppe.
   176 | D:1      | Found Koxibinu's General Store.
   233 | D:1      | Bought a scroll of enchant armour for 90 gold pieces
   273 | D:1      | Gained mutation: Your touch may inflict minor irresistible
                  | damage on your foes. [demonic ancestry]
   273 | D:1      | Reached XP level 2. HP: 19/19 MP: 3/5
   438 | D:1      | Bought a scroll of identify for 24 gold pieces
   842 | D:1      | Gained mutation: When seriously injured, your blood forms
                  | armour. (AC +0) [demonic ancestry]
   842 | D:1      | Reached XP level 3. HP: 14/24 MP: 6/6
  1000 | D:1      | Found Vamat's General Store.
  1019 | D:1      | Bought a scroll of identify for 20 gold pieces
  1769 | D:2      | Reached skill level 4 in Ice Magic
  1783 | D:2      | Noticed Terence
  1791 | D:2      | Killed Terence
  1792 | D:2      | Reached XP level 4. HP: 21/30 MP: 6/8
  1976 | D:2      | Noticed Natasha
  1992 | D:2      | Killed Natasha
  2074 | D:2      | Noticed Natasha
  2080 | D:2      | Killed Natasha
  2177 | D:2      | Gained mutation: A meltable shield of frost defends you.
                  | (SH +4) [demonic ancestry]
  2177 | D:2      | Reached XP level 5. HP: 29/35 MP: 9/9
  3130 | D:3      | Found a faded altar of an unknown god.
  3164 | D:4      | Noticed an ogre
  3164 | D:4      | Found a staircase to the Ecumenical Temple.
  3213 | Temple   | Entered the Ecumenical Temple
  3218 | Temple   | Learned a level 3 spell: Frozen Ramparts
  3222 | Temple   | Learned a level 3 spell: Ozocubu's Armour
  3515 | D:$      | Got out of the dungeon alive.

Illustrated notes

Levels and vault maps discovered:
D:1:      dpeg_arrival_simpleton_b, layout_basic, serial_shops, shop_coins,
          nicolae_shop_crystal, nicolae_diamond_shop, shop, st_stairs_10
D:2:      layout_basic, uniq_terence, uniq_natasha
D:3:      layout_rooms, dreamdust_ecumenical_altar_hidden_monk_grotto,
          minmay_between
D:4:      layout_gridville, kennysheep_okawaru_gauntlet,
          minmay_temple_entry_statues_fountains, serial_rivers,
          chequers_serial_rivers_marsh, chequers_serial_rivers_large_b,
          chequers_serial_rivers_small_3, chequers_serial_rivers_room_b,
          chequers_serial_rivers_small_3, chequers_serial_rivers_room_b,
          minivault_26
Temple:   mainiacjoe_temple_bowtie_tessellation

Skill      XL: |  1  2  3  4  5 |
---------------+----------------+-----
Stealth        | 2 3 |  3.3
Dodging        | 2 3 |  3.1
Ice Magic      | 4 |  4.4
Spellcasting   | 3 |  3.2

Action                   |  1- 3 |  4- 6 || total
-------------------------+-------+-------++-------
Melee: Unarmed           |     7 |       ||     7
       Dagger            |    81 |    85 ||   166
       Touch             |    18 |    19 ||    37
       Punch             |       |     1 ||     1
 Cast: Freeze            |    17 |       ||    17
  Use: Scroll            |     4 |       ||     4
 Stab: Sleeping          |     6 |     6 ||    12
Armor: Robe              |    20 |    40 ||    60
Dodge: Dodged            |    68 |    60 ||   128
Block: Other             |       |    11 ||    11
